 Dungeon Crawl Stone Soup version 0.29-b1-12-g9e2288ab2a (webtiles) character file.

Game seed: 8260500211516710818

82 DemonSlayer the Firebug (level 4, -13/30 HPs)
             Began as a Demonspawn Fire Elementalist on Aug 24, 2022.
             Blown up by a gnoll (20 damage)
             ... with a mindburst bolt
             ... on level 3 of the Dungeon.
             The game lasted 00:06:26 (3819 turns).

DemonSlayer the Firebug (DsFE)                      Turns: 3819, Time: 00:06:26

Health: -13/30     AC:  2    Str:  8    XL:     4   Next: 21%
Magic:  5/7        EV: 12    Int: 19    God:
Gold:   50         SH:  0    Dex: 13    Spells: 2/8 levels left

rFire   . . .      SeeInvis .   r - +0 short sword
rCold   . . .      Faith    .   (no shield)
rNeg    . . .      Spirit   .   a - +0 robe
rPois   .          Reflect  .   (no helmet)
rElec   .          Harm     .   (no cloak)
rCorr   .          Rampage  .   (no gloves)
Will    .....                   (no boots)
Stlth   ++........              (no amulet)
HPRegen 0.10/turn               (no ring)
MPRegen 0.10/turn               (no ring)

@: very slightly contaminated, hasted, very quick
A: hooves 2, powered by death 1
a: no special abilities


You were on level 3 of the Dungeon.
You visited 1 branch of the dungeon, and saw 3 of its levels.

You collected 135 gold pieces.
You spent 85 gold pieces at shops.

Inventory:

Hand Weapons
 r - a +0 short sword (weapon)
Armour
 a - a +0 robe (worn)
Scrolls
 c - 2 scrolls of summoning {unknown}
 d - a scroll of noise {unknown}
 e - a scroll of blinking {unknown}
 f - 2 scrolls of vulnerability {unknown}
 i - a scroll of amnesia {unknown}
 j - a scroll of poison
 l - a scroll of torment {unknown}
 o - a scroll of immolation {unknown}
 q - a scroll of magic mapping {unknown}
 s - a scroll of fog {unknown}
Potions
 b - a potion of magic
 h - a potion of mutation
 m - 2 potions of flight
 n - a potion of heal wounds
 p - a potion of ambrosia


   Skills:
 + Level 0.1 Fighting
 + Level 2.4 Dodging
 + Level 1.9 Stealth
 + Level 2.6 Spellcasting
 + Level 1.5 Conjurations
 + Level 3.5 Fire Magic


You had 2 spell levels left.
You knew the following spells:

 Your Spells              Type           Power      Damage    Failure   Level
a - Foxfire               Conj/Fire      48%        2x1d6     5%          1
b - Scorch                Fire           32%        2d6       5%          2
c - Conjure Flame         Conj/Fire      12%        6-21      17%         3

Your spell library contained the following spells:

 Spells                   Type           Power      Damage    Failure   Level
 Inner Flame              Hex/Fire       9%         N/A       22%         3
 Ozocubu's Armour         Ice            2%         N/A       43%         3
 Flame Wave               Conj/Fire      12%        2d6       50%         4
 Metabolic Englaciation   Hex/Ice        1%         N/A       99%         5
 Simulacrum               Ice/Necr       1%         N/A       100%        6


Dungeon Overview and Level Annotations

Branches:
Dungeon (3/15)

Altars:
Hepliaklqana

Shops:
D:1 *


Innate Abilities, Weirdness & Mutations

You have hoof-like feet.
You regenerate a little health from kills.


Message History

A rat is nearby!
A rat is nearby!
You can't see any susceptible monsters within range! (Use Z to cast anyway.)
You can't see any susceptible monsters within range! (Use Z to cast anyway.)
You can't see any susceptible monsters within range! (Use Z to cast anyway.) Flames lash the rat.
You kill the rat!
No target in view!
You can't see any susceptible monsters within range! (Use Z to cast anyway.) No target in view!
You can't see any susceptible monsters within range! (Use Z to cast anyway.) No target in view!
You can't see any susceptible monsters within range! (Use Z to cast anyway.) No target in view!
Okay, then.
As you read the scroll of identify, it crumbles to dust.
k - a potion of haste You see here a rat corpse.
Found a short sword.
There is an open door here.
Found a stone staircase leading down.
There is an open door here.
The gnoll shouts!
The gnoll drinks a potion.
The gnoll seems to speed up.
A gnoll is nearby!
A gnoll is nearby!
You can't see any susceptible monsters within range! (Use Z to cast anyway.)
Things that are here:
a +0 club; a gnoll skeleton The gnoll zaps a wand.
Your mind is blasted!
Ouch! That really hurt!
You feel yourself speed up.
You miscast Scorch.
You are very lightly contaminated with residual magic.
Nothing appears to happen.
The gnoll hits you with a +0 mace!
* * * LOW HITPOINT WARNING * * *
The gnoll zaps a wand.
You barely resist.
The gnoll zaps a wand.
Your mind is blasted!
Ouch! That really hurt!
You die...

#.#.#.#...##.............# .#
#.#.#.#.####.###########.# .#
#.#.#.#.#.......##### #.#
########.#.#.#.#.##.##.....#
#.# ..........).......##.###.#
#†# ######.#.#)#.#g##.##.###'##
#.# .....#.#.#.##.##.##.).###.#
.....#.#.#.#.##.##.#~...~##.# .
.......#.#)#.#@##.##.#≈...≈##.#
.
.......#.#.#.#.##.####~...~##.#
###....#.#.........###~...~##.#
#.##...............#~._.~##.#
###.#####.....####...###.# #.
#.###.# ##### #.# # #.# #.# #.#
#.# #.# #.# #.# #.# #.# #.# #.#


You could see a gnoll (fast).

Vanquished Creatures
  3 gnolls
  An adder (D:2)
  A dart slug (D:1)
  3 endoplasms
  10 hobgoblins
  6 kobolds
  2 quokkas
  5 ball pythons
  A bat (D:2)
  A frilled lizard (D:1)
  5 goblins
  3 rats
  A spectral kobold (D:3)
42 creatures vanquished.

Vanquished Creatures (others)
  177 foxfires
177 creatures vanquished.

Grand Total: 219 creatures vanquished

Notes
Turn   | Place    | Note
-------+----------+-------------------------------------------
     0 | D:1      | DemonSlayer the Demonspawn Fire Elementalist began the
                  | quest for the Orb.
     0 | D:1      | Reached XP level 1. HP: 13/13 MP: 3/3
   310 | D:1      | Gained mutation: You have large cloven feet. [demonic
                  | ancestry]
   310 | D:1      | Reached XP level 2. HP: 19/19 MP: 0/5
   316 | D:1      | Learned a level 2 spell: Scorch
   419 | D:1      | Reached skill level 3 in Fire Magic
  1099 | D:1      | Found Vueseh's Assorted Antiques.
  1103 | D:1      | Bought a scroll labelled UPHALE QOSIFE for 22 gold pieces
  1103 | D:1      | Bought a scroll labelled QODEAC PAUKK for 22 gold pieces
  1674 | D:2      | Gained mutation: You regenerate a little health from kills.
                  | [demonic ancestry]
  1674 | D:2      | Reached XP level 3. HP: 11/24 MP: 6/6
  3047 | D:2      | Learned a level 3 spell: Conjure Flame
  3123 | D:1      | Bought a murky grey potion for 19 gold pieces
  3123 | D:1      | Bought a scroll labelled ALODWE BAPSANO for 22 gold pieces
  3468 | D:3      | Found a hazy altar of Hepliaklqana.
  3551 | D:3      | Gained mutation: You have hoof-like feet. [demonic
                  | ancestry]
  3551 | D:3      | Reached XP level 4. HP: 20/30 MP: 0/7
  3819 | D:3      | Blown up by a gnoll

Illustrated notes

Levels and vault maps discovered:
D:1:      ebering_trefoil_3fold, layout_basic, serial_shops, shop
D:2:      layout_basic, chequers_serial_rivers_small_3
D:3:      layout_basic, lemuel_round_altar,
          nicolae_hepliaklqana_monster_ancestors

Skill      XL: |  1  2 |
---------------+-------+-----
Dodging        | 2 |  2.4
Fire Magic     | 3 |  3.5
Fighting       | |  0.1
Stealth        | |  1.9
Spellcasting   | |  2.6
Conjurations   | |  1.5

Action                   |  1- 3 |  4- 6 || total
-------------------------+-------+-------++-------
Melee: Unarmed           |    32 |       ||    32
       Kick              |    11 |     1 ||    12
       Short sword       |     4 |     3 ||     7
       Punch             |     1 |       ||     1
 Cast: Foxfire           |   110 |       ||   110
       Scorch            |    11 |     4 ||    15
  Use: Potion            |     2 |     1 ||     3
       Scroll            |     4 |     1 ||     5
Armor: Robe              |     8 |       ||     8
Dodge: Dodged            |    46 |     2 ||    48
